 Dungeon Crawl Stone Soup version 0.31-a0-865-g3d5d91748a (webtiles) character file.

Game seed: 16617946111638680395

1441 wvc the Geomancer (level 8, 0/41 HPs)
             Began as a Gargoyle Earth Elementalist on Oct 10, 2023.
             Was an Initiate of Vehumet.
             Slain by a killer bee (2 damage)
             ... on level 6 of the Dungeon.
             The game lasted 00:12:55 (6238 turns).

wvc the Geomancer (Gargoyle Earth Elementalist)     Turns: 6238, Time: 00:12:56

Health: 0/41       AC: 12    Str: 12    XL:     8   Next: 74%
Magic:  16/18      EV: 11    Int: 18    God:    Vehumet [......]
Gold:   369        SH:  5    Dex: 10    Spells: 13/20 levels left

rFire   . . .        h - +0 rapier
rCold   . . .        (no shield)
rNeg    + . .        v - +0 troll leather armour {Pargi}
rPois   ∞            (no helmet)
rElec   +            (no cloak)
rCorr   .            (no gloves)
SInv    .            (no boots)
Will    .....        t - amulet of reflection
Stlth   ++           x - +4 ring of protection
HPRegen 1.06/turn    (no ring)
MPRegen 0.16/turn

%: reflection
@: hasted, very quick
A: sickness immunity, AC +5, negative energy resistance 1, electricity
resistance, torment resistance 1, petrification resistance
a: Renounce Religion


You were on level 6 of the Dungeon.
You worshipped Vehumet.
Vehumet was noncommittal.
You visited 2 branches of the dungeon, and saw 8 of its levels.
You also visited: Sewer.

You collected 369 gold pieces.

Inventory:

Hand Weapons
 h - a +0 rapier (weapon)
Missiles
 i - 5 javelins
 k - 8 poisoned darts
Armour
 v - a +0 troll leather armour (worn) {Pargi}
Jewellery
 e - a ring of fire
 t - an amulet of reflection (around neck)
 x - a +4 ring of protection (left hand)
Talismans
 n - a flux talisman
Wands
 a - a wand of charming (13)
 s - a wand of iceblast (3)
 u - a wand of flame (20)
Scrolls
 g - 2 scrolls of amnesia
 m - a scroll of revelation
Potions
 b - a potion of magic
 c - 3 potions of haste
 d - a potion of brilliance
 f - a potion of resistance
 j - a potion of cancellation
 l - a potion of mutation
 o - 2 potions of curing
 p - a potion of might
 q - a potion of lignification {unknown}


   Skills:
 - Level 1.5 Dodging
 - Level 2.1 Stealth
 + Level 6.7 Spellcasting
 + Level 0.8 Conjurations
 - Level 0.7 Transmutations
 - Level 10.0 Earth Magic


You had 13 spell levels left.
You knew the following spells:

 Your Spells              Type           Power      Damage    Failure   Level
a - Sandblast             Erth           84%        2d18      1%          1
b - Stone Arrow           Conj/Erth      50%        3d10      4%          3
c - Mephitic Cloud        Conj/Pois/Air  7%         N/A       36%         3

Your spell library contained the following spells:

 Spells                   Type           Power      Damage    Failure   Level
 Passwall                 Tmut/Erth      20%        N/A       2%          2
 Magic Dart               Conj           36%        1d4       10%         1
 Kiss of Death            Conj/Necr      28%        2d7       12%         1
 Brom's Barrelling Bould  Conj/Erth      25%        2d5       16%         4
 Petrify                  Tmut/Erth      25%        N/A       16%         4
 Call Imp                 Summ           12%        N/A       22%         2
 Confusing Touch          Hex            6%         N/A       38%         3
 Ozocubu's Armour         Ice            6%         N/A       38%         3
 Dispel Undead            Necr           6%         3d8       80%         4
 Ozocubu's Refrigeration  Ice            3%         4d8       100%        7


Dungeon Overview and Level Annotations

Branches:
Dungeon (7/15)             Temple (1/1) D:6           Sewer (visited)

Altars:
Ashenzari
Cheibriados
Dithmenos
Elyvilon
Fedhas
Gozag
Kikubaaqudgha
Makhleb
Nemelex Xobeh
Okawaru
Qazlal
Ru
Sif Muna
Uskayaw
Vehumet
Wu Jian
Xom
Yredelemnul
The Shining One

Annotations:
D:3 1 runed translucent door, Crazy Yiuf


Innate Abilities, Weirdness & Mutations

You are immune to sickness and miasma.
Your stone body is resilient. (AC +5)
You are immune to poison.
You resist negative energy. (rN+)
You are resistant to electric shocks. (rElec)
You are resistant to unholy torment.
You are immune to petrification.


Message History

The killer bee stings you but does no damage.
The killer bee stings you. x2
* * * LOW HITPOINT WARNING * * *
The killer bee stings you but does no damage.
You block the killer bee's attack.
Aiming: Sandblast (safe; 1% risk of failure)
Press: ? - help, Q - select action, (/) - cycle Shift-Dir - straight line, f - killer bee
Aim: a killer bee (lightly wounded, 69% to hit)
The blast of sand misses the killer bee.
The killer bee stings you but does no damage.
The killer bee stings you.
* * * LOW HITPOINT WARNING * * *
The killer bee stings you but does no damage.
The killer bee closely misses you.
The killer bee stings you but does no damage.
The killer bee stings you.
* * * LOW HITPOINT WARNING * * *
The killer bee stings you.
* * * LOW HITPOINT WARNING * * *
The killer bee stings you but does no damage. x3
You block the killer bee's attack. The killer bee stings you.
* * * LOW HITPOINT WARNING * * *
Unknown command.
Okay, then.
You miss the killer bee. The killer bee barely misses you.
You block the killer bee's attack. The killer bee closely misses you.
The killer bee stings you but does no damage.
The killer bee closely misses you.
The killer bee stings you but does no damage.
Unknown command.
Aiming: Sandblast (safe; 1% risk of failure)
Press: ? - help, Q - select action, (/) - cycle Shift-Dir - straight line, f/p - killer bee
Aim: a killer bee (lightly wounded, 69% to hit)
The blast of sand hits the killer bee!!
You kill the killer bee!
Vehumet accepts your kill.
The killer bee stings you but does no damage.
The killer bee closely misses you. x2; The killer bee barely misses you.
The killer bee stings you.
You die...

#####.# #####.#.##....#####..#
...†#.##########.#.##.#########>#
...#.............................
8.8#..##########>###..........##.
...#..########...##...........##.
♣.8##..........#.#..#.........##.
...##.#####........##.........##.
8.8##.####..###yyy.##.....(......
%..##.##...###.>@#............##.
8.8#..#..### #.#yy###............
...#....######.##.# #.........##.
8.8#...###.....##.# #.........#..
...#...###.######.# #.........#.#
8.8#...##..# #.####.########.#
...#....).## #..# #.# #.#
8.8#..##### ##.# #.# #.# ...#..#
#.# #.# #.#


You could see 5 killer bees.

Vanquished Creatures
  Sigmund (D:4)
  2 sky beasts (D:6)
  An ice beast (D:5)
  Pargi (Sewer)
  An ogre (D:6)
  A centaur (D:5)
  2 phantoms (D:4)
  A bullfrog (D:6)
  2 scorpions
  A killer bee (D:6)
  A hound (D:6)
  A jelly (D:6)
  Natasha (thrice) (D:3)
  An iguana (D:6)
  4 gnolls (D:4)
  9 adders
  An ufetubus (D:5)
  An adder skeleton (D:3)
  An adder zombie (D:3)
  4 worms
  2 dart slugs
  13 orcs
  8 ball pythons
  18 bats
  7 endoplasms
  A giant cockroach (D:1)
  5 goblins
  3 hobgoblins
  2 jackals (D:1)
  9 quokkas
  3 frilled lizards (D:1)
  8 kobolds
  7 rats
125 creatures vanquished.

Notes
Turn   | Place    | Note
-------+----------+-------------------------------------------
     0 | D:1      | wvc the Gargoyle Earth Elementalist began the quest for the
                  | Orb.
     0 | D:1      | Reached XP level 1. HP: 10/10 MP: 3/3
   221 | D:1      | Reached skill level 4 in Earth Magic
   291 | D:1      | Reached XP level 2. HP: 15/15 MP: 0/5
  1169 | D:2      | Reached XP level 3. HP: 19/19 MP: 4/6
  1218 | D:2      | Learned a level 3 spell: Stone Arrow
  1507 | D:2      | Reached skill level 5 in Earth Magic
  1919 | D:2      | Reached XP level 4. HP: 23/24 MP: 4/8
  2199 | D:3      | Found a blossoming altar of Fedhas.
  2542 | D:3      | Learned a level 3 spell: Mephitic Cloud
  2625 | D:3      | Noticed Natasha
  2627 | D:3      | Killed Natasha
  2628 | D:3      | Reached skill level 6 in Earth Magic
  2628 | D:3      | Reached XP level 5. HP: 28/28 MP: 6/9
  3060 | D:3      | Noticed Natasha
  3064 | D:3      | Killed Natasha
  3089 | D:3      | Noticed Natasha
  3093 | D:3      | Killed Natasha
  3170 | D:3      | Found a runed translucent door.
  3171 | D:3      | Noticed Crazy Yiuf
  3290 | D:4      | Noticed Sigmund
  3302 | D:4      | Killed Sigmund
  3303 | D:4      | Reached skill level 7 in Earth Magic
  3303 | D:4      | Reached XP level 6. HP: 12/32 MP: 5/12
  3470 | D:4      | Reached XP level 7. HP: 36/36 MP: 9/13
  3609 | D:4      | Found a glowing drain.
  3621 | Sewer    | Entered a sewer
  3719 | Sewer    | Noticed Pargi
  3725 | Sewer    | Killed Pargi
  3726 | Sewer    | Reached skill level 8 in Earth Magic
  4126 | D:4      | Reached skill level 9 in Earth Magic
  4690 | D:5      | Entered Level 5 of the Dungeon
  4830 | D:5      | Reached skill level 5 in Spellcasting
  5097 | D:5      | Reached XP level 8. HP: 34/41 MP: 12/15
  5554 | D:5      | Found a sacrificial altar of Ru.
  5636 | D:6      | Reached skill level 10 in Earth Magic
  5864 | D:6      | Found a staircase to the Ecumenical Temple.
  5891 | Temple   | Entered the Ecumenical Temple
  5905 | Temple   | Became a worshipper of Vehumet
  6236 | D:6      | HP: 1/41 [killer bee (2)]
  6238 | D:6      | Slain by a killer bee

Illustrated notes

Levels and vault maps discovered:
D:1:      minmay_arrival_open_corners, layout_basic
D:2:      minmay_recursive_quarters, layout_basic, minmay_tetromino_t4
D:3:      layout_loops_ring, mainiacjoe_overflow_tiny_flanked, serial_undead,
          serial_undead_b, serial_undead_f, serial_undead_b, serial_undead_f,
          uniq_natasha, uniq_crazy_yiuf_cottage
D:4:      layout_basic, cheibrodos_sewer_entry_sluice, uniq_sigmund
D:5:      layout_gridville, nicolae_ru_path_of_blood, minmay_misc_feat_columns,
          kennysheep_generic_room_9
D:6:      layout_rooms, minmay_temple_entry_overgrown, chequers_avenue
D:7:      layout_loops_ring, minitemple, minmay_misc_feat_plants
Temple:   bh_familiar_temple

Skill      XL: |  1  2  3  4  5  6  7  8 |
---------------+-------------------------+-----
Earth Magic    | 4 5 6 7 9 10 | 10.0
Spellcasting   | 3 4 5 6 |  6.7
Dodging        | |  1.5
Stealth        | |  2.1
Conjurations   | |  0.8
Transmutations | |  0.7

Action                     |  1- 3 |  4- 6 |  7- 9 || total
---------------------------+-------+-------+-------++-------
  Melee: Unarmed           |     1 |       |       ||     1
         Rapier            |     1 |     3 |    12 ||    16
   Cast: Sandblast         |    59 |    56 |    73 ||   188
         Stone Arrow       |       |       |     6 ||     6
  Evoke: Wand              |       |       |     2 ||     2
    Use: Scroll            |     1 |       |    16 ||    17
         Potion            |       |       |     1 ||     1
   Stab: Sleeping          |       |     1 |     1 ||     2
 Armour: Robe              |    21 |    22 |     9 ||    52
         Troll leather arm |       |       |    45 ||    45
  Dodge: Dodged            |    22 |    16 |    48 ||    86
  Block: Other             |       |    14 |    13 ||    27

Table legend: (Time is in decaauts)
 A = Elapsed time spent in this place.
 B = Non-inter-level travel time spent in this place.
 C = Inter-level travel time spent in this place.
 D = Time resting spent in this place.
 E = Time spent auto-exploring this place.
 F = Levels seen in this place.
 G = Mean time per level.
                   A        B        C        D        E       F      G
               +--------+--------+--------+--------+--------+-----+--------+
         Total |   6335 |   6162 |    173 |    232 |   5036 |   9 |  703.9 |
       Dungeon |   6118 |   5957 |    161 |    180 |   4957 |   7 |  874.0 |
        Temple |     27 |     15 |     12 |      0 |      0 |   1 |   27.0 |
         Sewer |    189 |    189 |      0 |     52 |     79 |   1 |  189.0 |
               +--------+--------+--------+--------+--------+-----+--------+

Top non-repeatable levels by time:
     D:4: 1261 daAuts
     D:2: 1228 daAuts
     D:1: 1063 daAuts
     D:3: 1028 daAuts
     D:5: 912 daAuts
     D:6: 618 daAuts
   Sewer: 189 daAuts
  Temple: 27 daAuts
     D:7: 5 daAuts
